 Dungeon Crawl Stone Soup version 0.23.2-1-ga50397a6bc (webtiles) character file.

Game seed: 15109476867162184040

15902 Nattfarinn the Nimble (level 12, -13/80 HPs)
             Began as a Kobold Hunter on May 30, 2019.
             Was a High Priest of Okawaru.
             Mangled by a large slime creature (17 damage)
             ... on level 12 of the Dungeon.
             The game lasted 00:58:19 (15307 turns).

Nattfarinn the Nimble (Kobold Hunter)              Turns: 15307, Time: 00:58:20

Health: -13/80     AC: 19    Str: 15    XL:     12   Next: 63%
Magic:  12/12      EV: 10    Int: 12    God:    Okawaru [*****.]
Gold:   75         SH:  8    Dex: 19    Spells: 11/11 levels left

rFire    . . .     SeeInvis .   a - +6 hand crossbow
rCold    . . .     Gourm    .   R - +0 shield of Insecurity {Dex+4}
rNeg     . . .     Faith    +   j - +7 plate armour
rPois    .         Spirit   .   t - +0 helmet
rElec    .         Reflect  .   h - scarf {repulsion}
rCorr    .         Harm     .   (no gloves)
MR       .....                  m - +0 pair of boots
Stlth    ..........             C - amulet of faith
HPRegen  0.23/turn              H - ring of flight
MPRegen  0.13/turn              (no ring)

@: hasted, repel missiles, very quick
A: small, carnivore
a: Heroism, Finesse, Renounce Religion, Evoke Flight


You were on level 12 of the Dungeon.
You worshipped Okawaru.
Okawaru was extremely pleased with you.
You were completely stuffed.

You visited 2 branches of the dungeon, and saw 13 of its levels.

You collected 458 gold pieces.
You spent 383 gold pieces at shops.

Inventory:

Hand Weapons
 a - a +6 hand crossbow (weapon)
 b - a +2 dagger of venom
 i - a +1 hand axe of chopping
 o - a +0 short sword
 p - a +6 flail of protection
 s - a +1 dagger of venom
Missiles
 d - 175 bolts (quivered)
Armour
 c - a +0 leather armour
 e - a +0 cloak
 h - a scarf of repulsion (worn)
 j - a +7 plate armour (worn)
 m - a +0 pair of boots (worn)
 t - a +0 helmet (worn)
 F - a +0 buckler
 L - a +2 pair of gloves of dexterity
 P - the +1 scale mail "Mawu Elo" {rC+}
   (You found it on level 11 of the Dungeon)

   It protects you from cold.
 R - the +0 shield of Insecurity (worn) {Dex+4}
   (Okawaru gifted it to you on level 11 of the Dungeon)

   It affects your dexterity (+4).
 S - a scarf of cloud immunity
Jewellery
 x - an uncursed amulet of the acrobat
 C - an amulet of faith (around neck)
 D - an uncursed amulet of guardian spirit
 H - a ring of flight (left hand)
 I - a +3 ring of evasion
 K - an uncursed ring of wizardry
Wands
 g - a wand of random effects (26)
 A - a wand of digging (2)
 B - a wand of flame (15)
 J - a wand of paralysis (5)
Scrolls
 k - 11 scrolls of identify
 n - 7 scrolls of teleportation
 q - 3 scrolls of immolation {unknown}
 u - 4 scrolls of remove curse
 v - 2 scrolls of fear
 w - a scroll of fog {unknown}
 y - 4 scrolls of amnesia
 z - a scroll of silence {unknown}
 Q - a scroll of magic mapping
 T - a scroll of random uselessness {unknown}
 U - 2 scrolls of enchant armour
Potions
 l - 5 potions of haste
 r - a potion of flight {unknown}
 E - a potion of mutation {unknown}
 G - 2 potions of lignification
 M - 3 potions of magic {unknown}
 N - a potion of agility {unknown}
 O - 2 potions of berserk rage {unknown}
Comestibles
 f - 26 rations


   Skills:
 + Level 11.6 Fighting
 - Level 10.3 Short Blades
 - Level 10.7 Crossbows
 * Level 13.6 Dodging
 - Level 6.0 Stealth


You had 11 spell levels left.
You didn't know any spells.
Your spell library contained the following spells:

 Spells                   Type           Power        Failure   Level  Hunger
 Animate Skeleton         Necr           N/A          100%        1    ##.....
 Apportation              Tloc           #.....       100%        1    ##.....
 Confusing Touch          Hex            #.....       100%        1    ##.....
 Corona                   Hex            #......      100%        1    ##.....
 Summon Small Mammal      Summ           #...         100%        1    ##.....
 Ensorcelled Hibernation  Hex/Ice        #.....       100%        2    ###....
 Confuse                  Hex            #.......     100%        3    ####...
 Dazzling Spray           Conj/Hex       #.....       100%        3    ####...
 Tukima's Dance           Hex            #.......     100%        3    ####...
 Cause Fear               Hex            #.........   100%        4    #####..
 Silence                  Hex/Air        #.........   100%        5    ######.
 Yara's Violent Unravell  Hex/Tmut       #.........   100%        5    ######.
 Deflect Missiles         Chrm/Air       #.........   100%        6    #######
 Discord                  Hex            #.........   100%        8    #######


Dungeon Overview and Level Annotations

Branches:
Dungeon (12/15)            Temple (1/1) D:6            Lair (0/6) D:9
    Orc (0/2) D:10

Altars:
Elyvilon
Hepliaklqana
Kikubaaqudgha
Nemelex Xobeh
Okawaru
Qazlal
Ru
Sif Muna
Uskayaw
Yredelemnul
The Shining One

Shops:
D:4 *   D:9 [   D:10 [   D:12 [(

Portals:
Trove: D:10 (give 15 scrolls of teleportation)

Annotations:
D:9 1 runed translucent door, Ashenai's ghost, novice MiBe


Innate Abilities, Weirdness & Mutations

You are small and have problems with some larger weapons.
You are carnivorous and can eat meat at any time.


Message History

Aim: a large slime creature (heavily wounded)
You shoot a bolt. The bolt hits the large slime creature!
The large slime creature is heavily wounded.
The large slime creature hits you!
Firing (i - inventory)
d - 177 bolts (quivered)
Press: ? - help, Shift-Dir - straight line, f/p - large slime creature
Aim: a large slime creature (heavily wounded)
You shoot a bolt. The bolt hits the large slime creature!
The large slime creature is heavily wounded.
The large slime creature hits you!
Firing (i - inventory)
d - 176 bolts (quivered)
Press: ? - help, Shift-Dir - straight line, f/p - large slime creature
Aim: a large slime creature (heavily wounded)
You shoot a bolt.
The bolt hits the large slime creature!!
The large slime creature is severely wounded.
The large slime creature hits you!!
* * * LOW HITPOINT WARNING * * *
You feel yourself speed up. The large slime creature hits you!
You die...

**,* #.# *,** **,*** #.#
**+******** ,,,,,*
###.######,,,,,,,,,*
,,,,,*******#........+,,,,,,,,,*
,,,,,,,,......##.#####,,,,,,,,,*
,,,,,***######*#.# *,,,,,,,,,*
,***** #∩# *****+***** ,,,,* #.#
*,* ***,* #@# **,* *,****
****#J#* *,,* *,,,,*****,,,.Z.*
****+****
***+,,,,,,**,,....#***,,,,,,,*
,,,,,,,≈,,**,.....+,,*,,,,,,,*
,,,,,≈≈≈≈,,+......#*,*,,,,,,,*
,,,,,≈≈≈,,,#......#*,+,,,,,,,*
<,,,,≈≈≈≈,,#......#***,,,,,,,*
,,,,,,,≈,,**,,,,,,* *,,,,,,,,*


You could see a large slime creature and a bullfrog skeleton.

Vanquished Creatures
  Erolcha (D:9)
  A centaur warrior (D:10)
  Sonja (D:10)
  Pikel (D:7)
  2 ugly things
  A cyclops (D:12)
  A manticore (D:11)
  A centaur zombie (D:12)
  The ghost of tropicdream the Shield-Bearer, a novice FoFi (D:5)
  A gargoyle (D:10)
  A troll (D:11)
  Grinder (D:5)
  2 hippogriffs
  Sigmund (D:2)
  A vampire (D:11)
  4 hogs (D:10)
  2 wyverns
  16 yaks
  A human (D:10)
  2 basilisks (D:9)
  A water elemental (D:12)
  A steam dragon (D:9)
  Edmund (D:5)
  Duvessa (D:5)
  2 orc warriors (D:11)
  5 porcupines
  3 necrophages
  9 ice beasts
  2 sky beasts
  7 ogres
  2 centaurs
  2 big kobolds
  2 bullfrogs
  A gnoll sergeant (D:8)
  Blork the orc (D:6)
  A wyvern zombie (D:5)
  2 water moccasin zombies
  A water moccasin skeleton (D:12)
  5 scorpions
  Dowan (D:6)
  2 wights (D:12)
  13 killer bees (D:9)
  3 howler monkeys
  5 crimson imps
  A jelly (D:5)
  3 bullfrog skeletons
  6 hounds
  4 orc priests
  10 orc wizards
  Jessica (D:3)
  3 centaur skeletons
  4 iguanas
  9 worker ants
  A hound zombie (D:6)
  19 adders
  11 gnolls
  5 shadow imps
  3 oozes
  3 adder zombies
  An adder skeleton (D:8)
  2 dart slugs
  3 worms
  4 leopard geckos
  54 orcs
  3 giant cockroaches
  9 goblins
  6 hobgoblins
  15 jackals
  A quokka (D:4)
  A ball python (D:1)
  4 bats
  3 frilled lizards
  11 kobolds
  11 rats
326 creatures vanquished.

Vanquished Creatures (others)
  An unseen horror (D:10)
  2 bushes (D:9)
  5 fungi (D:9)
  23 plants (D:9)
  A withered plant (D:12)
32 creatures vanquished.

Grand Total: 358 creatures vanquished

Notes
Turn   | Place    | Note
-------+----------+-------------------------------------------
     0 | D:1      | Nattfarinn the Kobold Hunter began the quest for the Orb.
     0 | D:1      | Reached XP level 1. HP: 12/12 MP: 1/1
    54 | D:1      | Reached skill level 1 in Short Blades
    54 | D:1      | Reached XP level 2. HP: 17/17 MP: 2/2
   453 | D:1      | Reached skill level 3 in Dodging
   585 | D:2      | Reached skill level 5 in Crossbows
   591 | D:2      | Noticed Sigmund
   752 | D:2      | Reached XP level 3. HP: 21/21 MP: 3/3
   799 | D:2      | Reached XP level 4. HP: 9/26 MP: 4/4
   984 | D:2      | Killed Sigmund
   984 | D:2      | Reached skill level 4 in Dodging
   984 | D:2      | Reached XP level 5. HP: 14/30 MP: 5/5
   984 | D:2      | Reached XP level 6. HP: 16/35 MP: 6/6
  1316 | D:2      | Found a sparkling altar of Nemelex Xobeh.
  1595 | D:2      | Found a hide-covered altar of Uskayaw.
  1906 | D:3      | Reached skill level 5 in Dodging
  2147 | D:3      | Reached skill level 5 in Short Blades
  2147 | D:3      | Reached XP level 7. HP: 34/40 MP: 7/7
  3029 | D:3      | Noticed Jessica
  3034 | D:3      | Killed Jessica
  3757 | D:4      | Found a stormy altar of Qazlal.
  3757 | D:4      | Found a white marble altar of Elyvilon.
  3780 | D:4      | Found an ancient bone altar of Kikubaaqudgha.
  3812 | D:4      | Reached skill level 6 in Dodging
  3960 | D:4      | Found Xoiwk's General Store.
  3969 | D:4      | Bought a scroll of remove curse for 30 gold pieces
  3969 | D:4      | Bought a scroll of enchant armour for 75 gold pieces
  3969 | D:4      | Bought a scroll of identify for 20 gold pieces
  4106 | D:4      | Reached XP level 8. HP: 44/44 MP: 8/8
  4169 | D:4      | Reached skill level 5 in Stealth
  4564 | D:5      | Entered Level 5 of the Dungeon
  4615 | D:5      | Noticed Grinder
  4820 | D:5      | Noticed Edmund
  4845 | D:5      | Killed Edmund
  4845 | D:5      | Reached skill level 7 in Dodging
  5029 | D:5      | Killed Grinder
  5038 | D:5      | Reached XP level 9. HP: 33/48 MP: 9/9
  5161 | D:5      | Found a transporter.
  5180 | D:5      | Noticed tropicdream's ghost (novice FoFi)
  5216 | D:5      | Found a transporter.
  5697 | D:5      | Killed tropicdream's ghost
  6535 | D:6      | Noticed Duvessa
  6536 | D:6      | Noticed Dowan
  6565 | D:6      | Killed Dowan
  6579 | D:5      | Killed Duvessa
  6750 | D:6      | Reached skill level 10 in Short Blades
  7018 | D:6      | Found a sacrificial altar of Ru.
  7321 | D:6      | Noticed Blork the orc
  7327 | D:6      | Killed Blork the orc
  7367 | D:6      | Found a staircase to the Ecumenical Temple.
  7566 | Temple   | Entered the Ecumenical Temple
  7587 | Temple   | Became a worshipper of Warmaster Okawaru
  8190 | D:7      | Noticed Pikel
  8200 | D:7      | Killed Pikel
  8200 | D:7      | Reached * piety under Okawaru
  8200 | D:7      | Reached skill level 10 in Crossbows
  8200 | D:7      | Reached XP level 10. HP: 44/53 MP: 8/10
  9074 | D:8      | Reached skill level 5 in Fighting
  9261 | D:8      | Reached ** piety under Okawaru
  9797 | D:9      | Noticed Erolcha
  9895 | D:9      | Found a runed translucent door.
 10314 | D:9      | Reached *** piety under Okawaru
 10709 | D:9      | Received a gift from Okawaru
 10709 | D:9      | Reached XP level 11. HP: 49/71 MP: 11/11
 10747 | D:9      | Reached skill level 8 in Dodging
 11179 | D:9      | Reached **** piety under Okawaru
 11193 | D:9      | Reached skill level 9 in Dodging
 11218 | D:9      | Killed Erolcha
 11218 | D:9      | Received a gift from Okawaru
 11597 | D:9      | Reached skill level 10 in Dodging
 11669 | D:9      | Found a staircase to the Lair.
 11686 | D:9      | Reached skill level 10 in Fighting
 11735 | D:9      | Received a gift from Okawaru
 11980 | D:9      | Found Coaxt's Antique Armour Shop.
 12057 | D:9      | Noticed Ashenai's ghost (novice MiBe)
 12058 | D:9      | Identified the +8 trident "Oxaimada" {freeze, rPois}
 12186 | D:10     | Entered Level 10 of the Dungeon
 12277 | D:10     | Found a staircase to the Orcish Mines.
 12290 | D:10     | Received a gift from Okawaru
 12577 | D:10     | Received a gift from Okawaru
 12587 | D:10     | Reached skill level 11 in Dodging
 12638 | D:10     | Reached ***** piety under Okawaru
 12638 | D:10     | Received a gift from Okawaru
 12752 | D:10     | Noticed a centaur warrior
 12753 | D:10     | Noticed Sonja
 12756 | D:10     | Killed a centaur warrior
 12762 | D:10     | Killed an unseen horror
 12775 | D:10     | Killed Sonja
 12775 | D:10     | Reached XP level 12. HP: 38/79 MP: 12/12
 12962 | D:10     | Reached skill level 12 in Dodging
 13197 | D:10     | Found Ickery's Antique Armour Boutique.
 13365 | D:10     | HP: 1/80 [gargoyle/stone arrow (20)]
 13885 | D:10     | Found a portal to a secret trove of treasure.
 14061 | D:11     | Received a gift from Okawaru
 14286 | D:11     | Got a steaming scale mail
 14297 | D:11     | Identified the +1 scale mail "Mawu Elo" {rC+} (You found it
                  | on level 11 of the Dungeon)
 14374 | D:11     | Reached skill level 13 in Dodging
 14380 | D:11     | Received a gift from Okawaru
 14567 | D:11     | Got a slimy shield {god gift}
 14578 | D:11     | Identified the +0 shield of Insecurity {Dex+4} (Okawaru
                  | gifted it to you on level 11 of the Dungeon)
 15239 | D:12     | Found Keusocal's Armour Shop.
 15259 | D:12     | Bought a +2 pair of gloves of dexterity for 258 gold pieces
 15287 | D:12     | Found Qowuotwu's Weapon Shop.
 15306 | D:12     | HP: 4/80 [large slime creature (23)]
 15307 | D:12     | Mangled by a large slime creature

Skill      XL: |  1  2  3  4  5  6  7  8  9 10 11 12 |
---------------+-------------------------------------+-----
Short Blades   | 1 2 4 5 6 7 10 | 10.3
Dodging        | 3 4 5 6 7 11 13 | 13.6
Crossbows      | 5 6 10 | 10.7
Stealth        | 2 3 4 6 |  6.0
Fighting       | 9 10 11 | 11.6

Action                   |  1- 3 |  4- 6 |  7- 9 | 10-12 || total
-------------------------+-------+-------+-------+-------++-------
Melee: Short sword       |    14 |    45 |   100 |       ||   159
       Hand axe          |    36 |       |       |       ||    36
       Dagger            |       |       |   319 |   291 ||   610
       Hand crossbow     |       |       |     1 |     1 ||     2
 Fire: Hand crossbow     |    21 |    73 |   253 |   539 ||   886
  Use: Scroll            |     5 |     4 |     8 |     9 ||    26
       Potion            |     1 |       |     2 |    12 ||    15
 Stab: Sleeping          |     1 |       |       |       ||     1
  Eat: Chunk             |     8 |     4 |    19 |    22 ||    53
Armor: Plate armour      |    32 |    41 |   371 |   303 ||   747
       Leather armour    |     1 |       |       |       ||     1
Dodge: Dodged            |    23 |    19 |   183 |   170 ||   395
       Deflected         |       |       |       |     2 ||     2
Block: Buckler           |       |       |       |    98 ||    98
       Shield            |       |       |       |    13 ||    13
